AoeStats
← MZTK | GaboxNet .i.

Yucatan

510340546Analyzed
3v3 RM · 2d ago on Sep 30, 2026· 59m 37s· 6 players
Game mode
Random Map
Map size
Normal (6 player)
Population
200
Speed
Normal
Resources
Standard
Victory
Conquest
Starting age
Dark Age
Ending age
Imperial Age
RankedLock teamsTeams togetherTeam positionsShared explorationLock speedFull tech treeHidden civsTurbo modeCheats
Victory
Defeat
🇲🇽 Mongols · Mexico
1214
+15
🇲🇽 Saracens · Mexico
1214
+15
🇲🇽 Japanese · Mexico
1065
+21
🇭🇰 Vietnamese · Hong Kong SAR China
1190
-17
🇭🇰 Mongols · Hong Kong SAR China
1176
-17
🇭🇰 Persians · Hong Kong SAR China
1176
-17
MZTK | GaboxNet .i.
6:17 Loom
8:59 Feudal Age
16:11 Castle Age
15:08 Forging
16:42 Scale Barding Armor
16:32 Light Cavalry
18:51 Bloodlines
20:46 Husbandry
26:59 Wheelbarrow
27:13 Horse Collar
27:23 Double-Bit Axe
27:30 Gold Mining
28:42 Bow Saw
32:01 Stone Mining
32:46 Gold Shaft Mining
32:04 Fletching
32:14 Padded Archer Armor
35:11 Imperial Age
33:12 Hand Cart
32:56 Town Watch
33:34 Ballistics
34:30 Bodkin Arrow
34:51 Leather Archer Armor
35:53 Bracer
35:51 Hussar
36:35 Town Patrol
37:38 Stone Shaft Mining
37:55 Heavy Plow
39:01 Conscription
38:28 Elite Mangudai
40:02 Coinage
40:22 Parthian Tactics
43:27 Drill
42:42 Onager
44:26 Siege Onager
45:28 Chain Barding Armor
45:43 Iron Casting
51:17 Chemistry
55:47 Blast Furnace
55:50 Capped Ram
58:23 Siege Ram
bayruZ
7:13 Loom
10:56 Feudal Age
11:43 Double-Bit Axe
13:01 Scale Mail Armor
18:33 Castle Age
19:12 Pikeman
19:52 Squires
20:04 Forging
21:15 Horse Collar
24:22 Bow Saw
24:20 Heavy Plow
33:02 Imperial Age
32:18 Chain Mail Armor
34:23 Wheelbarrow
33:33 Town Watch
34:57 Iron Casting
35:33 Conscription
35:54 Plate Mail Armor
38:12 Blast Furnace
36:34 Halberdier
37:00 Arson
38:19 Hand Cart
38:19 Hand Cart
38:09 Elite Samurai
39:08 Padded Archer Armor
38:58 Fletching
40:07 Leather Archer Armor
40:15 Ballistics
40:55 Chemistry
40:00 Town Patrol
40:11 Elite Skirmisher
42:11 Two-Man Saw
42:10 Bodkin Arrow
42:46 Ring Archer Armor
42:13 Guard Tower
43:07 Bracer
43:45 Keep
44:40 Treadmill Crane
45:11 Masonry
44:53 Arrowslits
47:44 Yasama
47:44 Murder Holes
50:35 Onager
50:38 Capped Ram
51:21 Stone Mining
51:21 Gold Mining
54:08 Heavy Scorpion
56:43 Heavy Scorpion
_MZTK_SIRO_
7:02 Loom
9:25 Feudal Age
9:55 Double-Bit Axe
20:04 Castle Age
19:04 Stone Mining
22:47 Wheelbarrow
22:07 Fletching
22:17 Padded Archer Armor
22:31 Bloodlines
22:22 Husbandry
22:47 Horse Collar
28:42 Leather Archer Armor
28:22 Bodkin Arrow
30:50 Heavy Plow
31:10 Bow Saw
31:28 Town Watch
31:54 Gold Mining
32:53 Hand Cart
35:17 Town Patrol
36:35 Elite Skirmisher
42:23 Imperial Age
41:05 Scale Barding Armor
41:10 Forging
41:41 Ballistics
41:18 Murder Holes
41:33 Masonry
43:08 Thumb Ring
42:27 Heavy Camel Rider
43:30 Chain Barding Armor
43:46 Iron Casting
43:42 Ring Archer Armor
43:13 Bracer
44:19 Two-Man Saw
44:37 Chemistry
46:18 Conscription
46:13 Counterweights
50:28 Hoardings
51:12 Plate Barding Armor
51:38 Blast Furnace
StarShooter
3:48 Loom
11:04 Feudal Age
19:14 Castle Age
22:23 Double-Bit Axe
23:10 Fletching
24:44 Bodkin Arrow
25:41 Bow Saw
26:33 Ballistics
27:05 Horse Collar
29:48 Heavy Plow
31:52 Wheelbarrow
32:53 Gold Mining
32:54 Stone Mining
36:47 Imperial Age
34:55 Padded Archer Armor
37:43 Thumb Ring
37:49 Bracer
38:53 Chemistry
37:56 Elite Rattan Archer
39:52 Hoardings
40:54 Stone Shaft Mining
41:21 Leather Archer Armor
41:11 Scale Barding Armor
41:17 Forging
41:56 Light Cavalry
42:46 Bloodlines
43:37 Ring Archer Armor
44:53 Chain Barding Armor
45:09 Iron Casting
44:48 Husbandry
47:56 Plate Barding Armor
51:50 Two-Man Saw
55:57 Hand Cart
onioncwc
8:07 Loom
10:55 Feudal Age
12:32 Double-Bit Axe
19:45 Castle Age
18:05 Scale Barding Armor
19:03 Bloodlines
23:02 Horse Collar
24:16 Bow Saw
28:13 Wheelbarrow
28:36 Heavy Plow
31:06 Stone Mining
31:08 Gold Mining
34:42 Imperial Age
32:41 Hand Cart
32:46 Husbandry
32:42 Fletching
32:53 Padded Archer Armor
35:16 Ballistics
35:55 Bodkin Arrow
36:16 Leather Archer Armor
35:53 Town Watch
37:13 Chemistry
37:08 Gold Shaft Mining
36:35 Light Cavalry
37:41 Masonry
37:35 Bracer
38:04 Conscription
37:36 Elite Mangudai
39:20 Bracer
40:37 Hoardings
41:22 Hussar
42:43 Forging
42:53 Chain Barding Armor
43:13 Siege Engineers
46:36 Iron Casting
49:42 Capped Ram
51:38 Drill
51:30 Siege Ram
52:51 Onager
FlameX
11:16 Feudal Age
12:53 Loom
15:33 Castle Age
35:17 Wheelbarrow
35:26 Double-Bit Axe
41:20 Imperial Age
39:06 Bow Saw
38:40 Horse Collar
39:20 Bloodlines
40:19 Scale Barding Armor
41:24 Chain Barding Armor
41:10 Cavalier
42:02 Forging
42:56 Plate Barding Armor
42:32 Husbandry
43:38 Iron Casting
44:55 Hand Cart
45:13 Husbandry
46:38 Blast Furnace
45:53 Gold Mining
46:22 Savar
47:24 Heavy Plow
53:59 Crop Rotation
54:07 Gold Shaft Mining
56:04 Light Cavalry
57:25 Hussar
Connection lost

Rejoining the realm…

Still unreachable

The connection could not be restored.

Session expired

The server has moved on; the page needs a fresh start.